 Dungeon Crawl Stone Soup version 0.30.1-4-g462c640d31 (webtiles) character file.

Game seed: 13772622854226922118

15216 spardeous the Cleaver (level 11, -3/101 HPs)
             Began as a Demigod Fighter on Aug 18, 2023.
             Slain by a vampire mosquito (9 damage)
             ... on level 12 of the Dungeon.
             The game lasted 00:22:48 (15508 turns).

spardeous the Cleaver (Demigod Fighter)            Turns: 15508, Time: 00:22:49

Health: -3/101     AC: 19    Str: 21    XL:     11   Next: 67%
Magic:  16/20      EV: 12    Int: 18    God:
Gold:   819        SH:  5    Dex: 13    Spells: 12/18 levels left

rFire   + . .        L - +11 Singing Sword {sonic wave}
rCold   + . .        c - +0 buckler
rNeg    . . .        E - +8 ring mail "Ekuorghuzu" {Harm}
rPois   .            (no helmet)
rElec   .            N - scarf {rC+ rF+}
rCorr   .            (no gloves)
SInv    +            Q - +0 pair of boots
Will    +....        (no amulet)
Stlth   +            R - +4 ring of protection
HPRegen 0.36/turn    A - ring of see invisible
MPRegen 0.17/turn

%: harm (+30% outgoing, +20% incoming)
@: no status effects
A: high MP 1, forlorn, divine attributes
a: no special abilities


You were on level 12 of the Dungeon.
You visited 1 branch of the dungeon, and saw 12 of its levels.

You collected 819 gold pieces.

Inventory:

Hand Weapons
 a - a +0 war axe
 G - a +1 heavy war axe
 I - a +4 quarterstaff of chaos
 L - the +11 Singing Sword (weapon) {sonic wave}
   (You found it on level 6 of the Dungeon)
 T - a +0 broad axe
Missiles
 k - a throwing net
 O - 4 silver javelins (quivered)
Armour
 b - a +0 scale mail
 c - a +0 buckler (worn)
 i - a +0 plate armour
 E - the +8 ring mail "Ekuorghuzu" (worn) {Harm}
   (You found it on level 5 of the Dungeon)

   Harm:      It increases damage dealt and taken.
 H - a +0 cloak
 N - a scarf of resistance (worn)
 Q - a +0 pair of boots (worn)
 V - a +4 chain mail
Magical Staves
 X - a staff of conjuration
Jewellery
 p - a ring of resist corrosion
 A - a ring of see invisible (right hand)
 R - a +4 ring of protection (left hand)
 U - a ring of ice
Wands
 y - a wand of paralysis (18)
 J - a wand of iceblast (13)
 K - a wand of flame (16)
 P - a wand of digging (2)
Scrolls
 e - 4 scrolls of teleportation {unknown}
 h - a scroll of enchant armour {unknown}
 j - 3 scrolls of fear
 l - 7 scrolls of identify
 m - 3 scrolls of magic mapping {unknown}
 n - 2 scrolls of summoning {unknown}
 o - 2 scrolls of amnesia {unknown}
 q - 8 scrolls of blinking {unknown}
 s - 6 scrolls of vulnerability {unknown}
 t - a scroll of fog {unknown}
 u - 2 scrolls of enchant weapon {unknown}
 v - a scroll of silence {unknown}
 z - 2 scrolls of noise {unknown}
 F - a scroll of brand weapon {unknown}
 M - a scroll of poison {unknown}
Potions
 d - 2 potions of might
 f - 2 potions of magic {unknown}
 g - 3 potions of curing
 r - a potion of cancellation {unknown}
 w - a potion of flight {unknown}
 x - 2 potions of ambrosia {unknown}
 B - 3 potions of brilliance {unknown}
 C - 4 potions of attraction {unknown}
 D - 2 potions of degeneration {unknown}
 S - 3 potions of mutation {unknown}
 W - 2 potions of lignification {unknown}


   Skills:
 + Level 10.3 Fighting
 - Level 11.8 Axes
 - Level 3.7 Armour
 - Level 5.2 Dodging
 - Level 3.8 Shields
 - Level 4.0 Spellcasting
 - Level 4.9 Conjurations


You had 12 spell levels left.
You knew the following spells:

 Your Spells              Type           Power      Damage    Failure   Level
a - Static Discharge      Conj/Air       24%        2-3/arc   16%         2
b - Frozen Ramparts       Ice            6%         1d1       65%         3
c - Sting                 Tmut/Pois      12%        1d3       28%         1

Your spell library contained the following spells:

 Spells                   Type           Power      Damage    Failure   Level
 Magic Dart               Conj           84%        1d7       3%          1
 Freeze                   Ice            12%        1d3       28%         1
 Hailstorm                Conj/Ice       12%        3d5       32%         3
 Call Imp                 Summ           6%         N/A       41%         2
 Cigotuvi's Dreadful Rot  Necr/Pois/Air  6%         N/A       41%         2
 Mephitic Cloud           Conj/Pois/Air  9%         N/A       41%         3
 Ignite Poison            Fire/Tmut/Pois 3%         N/A       65%         3
 Airstrike                Air            1%         2d(1-17)  96%         4
 Summon Lightning Spire   Summ/Air       3%         N/A       96%         4
 Freezing Cloud           Conj/Ice/Air   4%         6-21      99%         5
 Lee's Rapid Deconstruct  Erth           1%         3d4*      100%        5
 Shatter                  Erth           1%         3d6*      100%        9


Dungeon Overview and Level Annotations

Branches:
Dungeon (12/15)            Temple (0/1) D:6            Lair (0/5) D:8
    Orc (0/2) D:10

Shops:
D:2 [   D:5 :   D:10 (

Annotations:
D:11 1 runed translucent door, lxXxl's ghost, journeyman MiFi


Innate Abilities, Weirdness & Mutations

You have an increased reservoir of magic. (+10% MP)
You shall have no god before yourself.
Your divine heritage dramatically boosts your attributes as you level up.


Message History

You hear a shout! x3
A vampire mosquito comes into view.
You regained 2 hp, and now have 78/101 hp.
You hit the white ugly thing.
The white ugly thing is heavily wounded.
The white ugly thing tail-slaps you! The white ugly thing freezes you!
You resist.
You take 17 damage, and have 61/101 hp.
Unknown command.
You barely miss the white ugly thing.
The white ugly thing is heavily wounded.
The white ugly thing tail-slaps you. The white ugly thing freezes you!
You resist.
* * * LOW HITPOINT WARNING * * *
You block the white ugly thing's attack.
You take 19 damage, and have 42/101 hp.
You barely miss the white ugly thing.
The white ugly thing is heavily wounded.
The white ugly thing tail-slaps you!
* * * LOW HITPOINT WARNING * * *
The white ugly thing freezes you! You resist.
* * * LOW HITPOINT WARNING * * *
A two-headed ogre comes into view.
It is wielding a +0 giant club and a +0 giant spiked club.
You take 24 damage, and have 18/101 hp.
MASSIVE DAMAGE!!
You feel better. The white ugly thing tail-slaps you.
* * * LOW HITPOINT WARNING * * *
The white ugly thing freezes you! You resist.
* * * LOW HITPOINT WARNING * * *
You take 13 damage, and have 5/101 hp.
As you read the scroll labelled SIMUOR XASCH, it crumbles to dust.
It is a scroll of identify.
j - 4 scrolls of fear The white ugly thing tail-slaps you but does no damage.
Okay, then.
As you read the scroll of fear, it crumbles to dust.
You assume a fearsome visage.
The two-headed ogre looks frightened!
The vampire mosquito is unaffected. x2; The white ugly thing looks frightened!
Cornered, the white ugly thing turns to fight!
The vampire mosquito bites you!
You die...

####'#########)'...(
#..# ###.... #.##
##### #.# .......
#.# .......
###'####### .......
#.[........ .......
#.......... ....$..
#.^@....... .......
#.y........
.......###y.........
.....O)'.†..........
.......###u.........
....... ###########
#######


You could see a white ugly thing and 2 vampire mosquitoes.

Vanquished Creatures
  Erolcha (D:11)
  A boulder beetle (D:12)
  Erica (D:11)
  A two-headed ogre (D:10)
  Urug (D:11)
  Pikel (D:9)
  3 gargoyles
  An unseen horror (D:11)
  Psyche (D:9)
  A polar bear (D:9)
  A hornet (D:9)
  Grinder (D:4)
  2 trolls
  2 shadows
  A wraith (D:9)
  Eustachio (D:5)
  A wyvern (D:9)
  Grum (D:11)
  15 yaks
  An unseen horror simulacrum (D:9)
  5 vampire mosquitoes
  A steam dragon (D:8)
  A water moccasin (D:7)
  A black bear (D:7)
  Pargi (D:3)
  4 orc warriors
  2 ice beasts
  An ogre (D:6)
  5 wolves
  5 centaurs
  2 phantoms (D:5)
  2 kobold brigands
  3 lemures (D:9)
  4 bullfrogs
  Blork the orc (D:5)
  16 scorpions
  4 wights
  15 killer bees
  2 howler monkeys (D:11)
  2 wyvern simulacra (D:9)
  2 jellies
  Crazy Yiuf (D:5)
  5 orc priests
  A gnoll bouda (D:4)
  3 hounds
  2 sleepcaps (D:6)
  3 iguanas
  Natasha (thrice) (D:4)
  9 orc wizards
  A centaur simulacrum (D:9)
  9 gnolls
  13 adders
  2 shadow imps
  4 white imps
  An ufetubus (D:9)
  2 worms (D:3)
  4 dart slugs
  47 orcs
  9 ball pythons
  10 endoplasms
  7 giant cockroaches
  6 goblins
  8 hobgoblins
  3 jackals
  12 kobolds
  9 quokkas
  9 bats
  9 frilled lizards
  5 rats
  3 butterflies (D:10)
317 creatures vanquished.

Notes
Turn   | Place    | Note
-------+----------+-------------------------------------------
     0 | D:1      | spardeous the Demigod Fighter began the quest for the Orb.
     0 | D:1      | Reached XP level 1. HP: 18/18 MP: 3/3
    93 | D:1      | Reached skill level 2 in Axes
   163 | D:1      | Reached XP level 2. HP: 24/25 MP: 4/4
   768 | D:2      | Reached XP level 3. HP: 31/31 MP: 5/5
  1203 | D:2      | Found Oteckos's Armour Emporium.
  1456 | D:2      | Reached XP level 4. HP: 31/38 MP: 6/6
  1856 | D:3      | Noticed Pargi
  1876 | D:3      | Killed Pargi
  1877 | D:3      | Reached skill level 3 in Axes
  1877 | D:3      | Reached XP level 5. HP: 25/46 MP: 7/7
  2499 | D:4      | Noticed Natasha
  2504 | D:4      | Killed Natasha
  2575 | D:3      | Reached XP level 6. HP: 8/53 MP: 8/8
  2929 | D:4      | Reached skill level 5 in Fighting
  2938 | D:4      | Noticed Grinder
  2962 | D:4      | Paralysed by Grinder for 3 turns
  2969 | D:4      | Paralysed by Grinder for 5 turns
  2983 | D:4      | HP: 2/56 [Grinder/nerve-wracking pain (8)]
  2992 | D:4      | Killed Grinder
  2993 | D:4      | Reached XP level 7. HP: 13/63 MP: 9/9
  3498 | D:4      | Noticed Natasha
  3510 | D:4      | Killed Natasha
  3656 | D:4      | Noticed Natasha
  3672 | D:4      | Killed Natasha
  4895 | D:5      | Entered Level 5 of the Dungeon
  4909 | D:5      | Noticed Blork the orc
  4930 | D:5      | Killed Blork the orc
  4944 | D:5      | Identified the +8 ring mail "Ekuorghuzu" {Harm}
  5137 | D:5      | Noticed Eustachio
  5161 | D:5      | Killed Eustachio
  5237 | D:5      | Reached XP level 8. HP: 67/74 MP: 10/10
  5352 | D:5      | Found Cedos's Self-Improvement Boutique.
  5575 | D:5      | Found a runed translucent door.
  5576 | D:5      | Noticed Crazy Yiuf
  6177 | D:5      | Killed Crazy Yiuf
  6694 | D:5      | Reached skill level 10 in Fighting
  6978 | D:6      | Found a staircase to the Ecumenical Temple.
  7118 | D:6      | Reached skill level 4 in Axes
  7135 | D:6      | Reached XP level 9. HP: 79/81 MP: 11/11
  7141 | D:6      | Found the +11 Singing Sword {sonic wave}
  7182 | D:6      | Reached skill level 5 in Axes
  7580 | D:7      | Reached skill level 6 in Axes
  7817 | D:6      | Learned a level 2 spell: Static Discharge
  7821 | D:6      | Learned a level 3 spell: Frozen Ramparts
  7896 | D:7      | Reached skill level 1 in Spellcasting
  9050 | D:8      | Reached skill level 1 in Conjurations
  9744 | D:8      | Found a staircase to the Lair.
 10402 | D:9      | Got the Handbook of Rocky Venin
 10661 | D:9      | Reached XP level 10. HP: 93/93 MP: 19/19
 10824 | D:9      | Reached skill level 7 in Axes
 10987 | D:9      | Noticed Pikel
 10993 | D:9      | Killed Pikel
 11027 | D:9      | Reached skill level 8 in Axes
 11281 | D:9      | You fall into a shaft and drop 2 floors!
 11309 | D:10     | Entered Level 10 of the Dungeon
 11343 | D:10     | Reached skill level 9 in Axes
 11658 | D:10     | Found Mesea's Weapon Boutique.
 11660 | D:10     | Found a staircase to the Orcish Mines.
 11714 | D:10     | Noticed a two-headed ogre
 11720 | D:10     | Killed a two-headed ogre
 11776 | D:10     | Reached skill level 10 in Axes
 11858 | D:10     | Found a runed translucent door.
 11860 | D:10     | Found a runed translucent door.
 12060 | D:10     | Reached skill level 1 in Dodging
 12116 | D:9      | Reached XP level 11. HP: 90/99 MP: 20/20
 12148 | D:9      | Noticed Psyche
 12154 | D:9      | Killed Psyche
 13187 | D:5      | Found Cedos's Self-Improvement Boutique.
 13411 | D:9      | Learned a level 1 spell: Sting
 13670 | D:11     | Noticed Erica
 13683 | D:11     | Killed Erica
 13684 | D:11     | Reached skill level 5 in Dodging
 13853 | D:11     | Noticed Grum
 13938 | D:11     | Killed Grum
 14290 | D:11     | Noticed Urug
 14323 | D:11     | Noticed Erolcha
 14331 | D:11     | Killed Erolcha
 14332 | D:11     | Reached skill level 11 in Axes
 14343 | D:11     | Killed Urug
 14697 | D:11     | Found a runed translucent door.
 14697 | D:11     | Noticed a +0 war axe of chaos
 14697 | D:11     | Noticed lxXxl's ghost (journeyman MiFi)
 15491 | D:12     | Noticed a boulder beetle
 15500 | D:12     | Killed a boulder beetle
 15503 | D:12     | Noticed a two-headed ogre
 15504 | D:12     | HP: 5/101 [white ugly thing (18)]
 15508 | D:12     | Slain by a vampire mosquito

Illustrated notes

Levels and vault maps discovered:
D:1:      tarquinn_simple_flora_water_b, layout_basic,
          hellmonk_ecumenical_altar_lost_god
D:2:      minmay_wonky_spiral, layout_basic, serial_shops, shop
D:3:      layout_basic, dreamdust_princess_bridge, uniq_pargi
D:4:      minmay_angry_zag, layout_rooms, interstate_on_off,
          minmay_misc_feat_pillars, solitary_fountain, uniq_natasha,
          uniq_grinder
D:5:      layout_loops_ring, nicolae_shop_self_help, uniq_blork_the_orc,
          uniq_eustachio, uniq_crazy_yiuf_cottage
D:6:      old_forge, layout_basic, minmay_temple_entry_hall
D:7:      layout_rooms, makhleb_blood_cavern_becter, serial_co_window_serial,
          co_window_paths_b, co_window_paths_a, co_window_of_opportunity_a,
          co_window_paths_b, co_window_corner_a, co_window_of_opportunity_c,
          co_window_broadway_c, co_window_2corner, co_window_of_opportunity_c,
          co_window_broadway_c, co_window_4corner_a, glass_columns_a,
          glass_columns_a, glass_columns_c, glass_columns_b, st_stairs_5
D:8:      layout_loops_ring, lair_entry_dummy
D:9:      layout_grid_maze, kennysheep_little_box, serial_ice, serial_ice_m,
          serial_ice_e, serial_ice_b, serial_ice_d, uniq_pikel, uniq_psyche
D:10:     lemuel_insect_pit, layout_cave_pools, orc_david_3
D:11:     layout_cave_pods, ebering_ghost_xom, uniq_erica, uniq_grum, uniq_urug,
          uniq_erolcha
D:12:     layout_roguey

Skill      XL: |  1  2  3  4  5  6  7  8  9 10 11 |
---------------+----------------------------------+-----
Axes           | 2 3 4 6 10 11 | 11.8
Armour         | 3 |  3.7
Shields        | 3 |  3.8
Fighting       | 3 4 6 8 10 | 10.3
Spellcasting   | 4 |  4.0
Conjurations   | 4 |  4.9
Dodging        | 2 5 |  5.2

Action                     |  1- 3 |  4- 6 |  7- 9 | 10-12 || total
---------------------------+-------+-------+-------+-------++-------
  Melee: War axe           |   130 |   159 |   343 |       ||   632
         Double sword      |       |       |    39 |   180 ||   219
   Cast: Static Discharge  |       |       |     4 |     1 ||     5
         Sting             |       |       |       |     7 ||     7
    Use: Potion            |       |     1 |     2 |     7 ||    10
         Scroll            |       |       |       |     2 ||     2
 Armour: Scale mail        |    10 |       |       |       ||    10
         Plate armour      |    79 |   127 |    56 |       ||   262
         Ring mail         |       |       |   287 |   119 ||   406
  Dodge: Dodged            |    36 |    60 |   295 |   152 ||   543
  Block: Buckler           |    24 |    38 |   162 |    69 ||   293
